 Dungeon Crawl Stone Soup version 0.26.1-11-gd32895ea62 (webtiles) character file.

Game seed: 1913339920841057186

1335 Zeld the Cruncher (level 8, -8/50 HPs)
             Began as an Octopode Gladiator on May 21, 2021.
             Was an Initiate of Okawaru.
             Shot with an arrow by a centaur (12 damage)
             ... on level 5 of the Dungeon.
             The game lasted 00:07:09 (7691 turns).

Zeld the Cruncher (Octopode Gladiator)              Turns: 7691, Time: 00:07:09

Health: -8/50      AC:  1    Str: 15    XL:     8   Next: 61%
Magic:  8/8        EV: 14    Int: 10    God:    Okawaru [......]
Gold:   254        SH:  0    Dex: 14    Spells: 7/7 levels left

rFire    . . .     SeeInvis .   a - +0 quarterstaff
rCold    . . .     Faith    .   (shield currently unavailable)
rNeg     . . .     Spirit   .   b - +0 hat
rPois    .         Reflect  .   (no amulet)
rElec    .         Harm     .   (no ring)
rCorr    .         Rampage  .   (no ring)
Will     .....                  (no ring)
Stlth    ++........             (no ring)
HPRegen  0.16/turn              (no ring)
MPRegen  0.11/turn              (no ring)
                                (no ring)
                                (no ring)

@: no status effects
A: almost no armour, stealthy swim, amphibious, 8 rings, constrict 8, camouflage
1, gelatinous body 1
a: Renounce Religion


You were on level 5 of the Dungeon.
You worshipped Okawaru.
Okawaru was noncommittal.
You visited 2 branches of the dungeon, and saw 6 of its levels.

You collected 254 gold pieces.

Inventory:

Hand Weapons
 a - a +0 quarterstaff (weapon)
Missiles
 c - 3 throwing nets
 e - 15 boomerangs
 o - 11 poisoned darts (quivered)
Armour
 b - a +0 hat (worn)
Jewellery
 n - an uncursed ring of willpower {unknown}
 p - an uncursed amulet of faith {unknown}
Wands
 v - a wand of paralysis (18)
Scrolls
 d - a scroll of blinking {unknown}
 g - a scroll of random uselessness {unknown}
 i - 6 scrolls of teleportation {unknown}
 k - 4 scrolls of remove curse {unknown}
 q - 4 scrolls of identify {unknown}
 r - 3 scrolls of fog {unknown}
 t - a scroll of magic mapping {unknown}
 w - a scroll of enchant armour {unknown}
Potions
 f - a potion of haste {unknown}
 h - a potion of brilliance {unknown}
 j - 2 potions of flight {unknown}
 l - 3 potions of degeneration {unknown}
 m - a potion of attraction {unknown}
 s - a potion of magic {unknown}
 u - a potion of cancellation {unknown}


   Skills:
 - Level 2.0 Fighting
 * Level 10.6 Staves
 - Level 2.0 Throwing
 - Level 3.0 Dodging


You had 7 spell levels left.
You didn't know any spells.
Your spell library contained the following spells:

 Spells                   Type           Power        Failure   Level
 Magic Dart               Conj           0%           36%         1
 Blink                    Tloc           N/A          50%         2
 Call Imp                 Summ           0%           50%         2
 Slow                     Hex            0%           50%         2
 Conjure Flame            Conj/Fire      0%           75%         3
 Gell's Gravitas          Tloc           0%           75%         3
 Lesser Beckoning         Tloc           0%           75%         3
 Mephitic Cloud           Conj/Pois/Air  0%           75%         3
 Teleport Other           Tloc           0%           75%         3
 Passage of Golubria      Tloc           N/A          98%         4


Dungeon Overview and Level Annotations

Branches:
Dungeon (5/15)             Temple (1/1) D:4

Altars:
Cheibriados
Fedhas
Gozag
Hepliaklqana
Kikubaaqudgha
Makhleb
Nemelex Xobeh
Okawaru
Qazlal
Trog
Xom
The Shining One
Lugonu


Innate Abilities, Weirdness & Mutations

You cannot wear most types of armour.
You are very stealthy in the water. (Stealth+)
You are amphibious.
You can wear up to eight rings at the same time.
You can use your tentacles to constrict eight enemies at once.
Your skin changes colour to match your surroundings (Stealth+).
Your rubbery body absorbs attacks. (AC +1, EV +1)


Message History

The centaur shoots an arrow.
The arrow completely misses you.
There is an open door here.
You see here an arrow.
As you close the door, pushing everything out of the way, it creaks loudly!
You feel better.
There is an iron altar of Okawaru here.
A centaur opens the door.
The centaur shoots an arrow.
The arrow hits you.
You see here an arrow.
The centaur shoots an arrow.
The arrow hits you.
* * * LOW HITPOINT WARNING * * *
The centaur shoots an arrow.
The arrow barely misses you.
There is an open door here.
You see here an arrow.
The centaur shoots an arrow.
The arrow hits you!
* * * LOW HITPOINT WARNING * * *
You see here an arrow.
You close the door, pushing everything out of the way.
A centaur opens the door.
The centaur shoots an arrow.
The arrow hits you!
You die...

............+.._###..............
####........###(###........#.....
............# #c# #..............
............###'###....####.>....
..##............(....### #.......
..###.........##.....#####...#...
.............###.#.............##
..###.####..###(............####
..###..###...##.@........####
.....#..##....[..........#
..##.......#............[########
...#..#....##..###.#....###......
...#.#...#..(....................
............#...##......###......
..##........##..........###......
...#........##.<.##..............
...#...<...###.#..##..........###


You could see a centaur.

Vanquished Creatures
  Sigmund (D:4)
  Edmund (D:4)
  A water moccasin (D:5)
  A sky beast (D:5)
  An ogre (D:3)
  A centaur (D:5)
  A bullfrog (D:5)
  A howler monkey (D:5)
  2 hounds (D:5)
  3 orc priests
  Ijyb (D:5)
  An iguana (D:5)
  6 worker ants
  An orc wizard (D:5)
  Robin (D:4)
  4 gnolls (D:3)
  7 adders
  An ooze (D:1)
  An adder skeleton (D:5)
  3 worms
  4 leopard geckos
  11 orcs
  A ball python (D:1)
  6 giant cockroaches
  15 goblins
  6 hobgoblins
  2 quokkas
  6 bats
  2 frilled lizards
  2 jackal skeletons
  A jackal zombie (D:5)
  7 kobolds
  A leopard gecko skeleton (D:5)
  7 rats
110 creatures vanquished.

Notes
Turn   | Place    | Note
-------+----------+-------------------------------------------
     0 | D:1      | Zeld the Octopode Gladiator began the quest for the Orb.
     0 | D:1      | Reached XP level 1. HP: 14/14 MP: 1/1
   160 | D:1      | Reached XP level 2. HP: 18/19 MP: 2/2
   385 | D:1      | Reached skill level 4 in Staves
   492 | D:1      | Reached XP level 3. HP: 19/24 MP: 3/3
  1065 | D:2      | Reached XP level 4. HP: 29/29 MP: 4/4
  1103 | D:2      | Found a stormy altar of Qazlal.
  1168 | D:2      | Reached skill level 5 in Staves
  2140 | D:2      | Found a hazy altar of Hepliaklqana.
  2244 | D:2      | Reached XP level 5. HP: 10/34 MP: 5/5
  2837 | D:3      | Reached skill level 6 in Staves
  3049 | D:3      | Found a snail-covered altar of Cheibriados.
  3273 | D:3      | Found an ancient bone altar of Kikubaaqudgha.
  3277 | D:3      | Found a blossoming altar of Fedhas.
  3366 | D:4      | Noticed an ogre
  3628 | D:4      | Found a staircase to the Ecumenical Temple.
  4184 | Temple   | Entered the Ecumenical Temple
  4187 | Temple   | Reached XP level 6. HP: 3/39 MP: 6/6
  5393 | D:4      | Noticed Edmund
  5396 | D:4      | Noticed Sigmund
  5430 | D:4      | Killed Edmund
  5431 | D:4      | Reached skill level 7 in Staves
  5748 | D:4      | Killed Sigmund
  5749 | D:4      | Reached skill level 8 in Staves
  5749 | D:4      | Reached XP level 7. HP: 45/45 MP: 7/7
  5803 | D:4      | Noticed Robin
  5837 | D:4      | Killed Robin
  6442 | D:5      | Entered Level 5 of the Dungeon
  6515 | D:5      | Reached skill level 9 in Staves
  6576 | D:5      | Reached XP level 8. HP: 45/50 MP: 8/8
  7029 | D:5      | Reached skill level 10 in Staves
  7254 | D:5      | Noticed Ijyb
  7378 | D:5      | Killed Ijyb
  7495 | D:5      | Found an iron altar of Okawaru.
  7532 | D:5      | Became a worshipper of Warmaster Okawaru
  7691 | D:5      | Shot with an arrow by a centaur

Illustrated notes

Levels and vault maps discovered:
D:1:      lightli_arrival_boilingwater, layout_loops_cross, minivault_23
D:2:      cheibrodos_helix_gallery, layout_basic, nzn_hepliaklqana_mist_gate,
          nicolae_overflow_crystal_walls
D:3:      layout_basic, grunt_temple_overflow_growth_and_decay,
          cheibriados_altar_1, kennysheep_generic_room_7
D:4:      layout_loops_ring, minmay_temple_entry_slanted,
          sigmund_edmund_badplayer, uniq_robin
D:5:      layout_rooms, lemuel_doored_altar, kennysheep_generic_room_10,
          uniq_ijyb
Temple:   corrupted_temple

Skill      XL: |  1  2  3  4  5  6  7  8 |
---------------+-------------------------+-----
Staves         | 4 5 6 8 9 10 | 10.6
Fighting       | |  2.0
Throwing       | |  2.0
Dodging        | |  3.0

Action                   |  1- 3 |  4- 6 |  7- 9 || total
-------------------------+-------+-------+-------++-------
Melee: Quarterstaff      |    56 |    92 |   115 ||   263
       Constrict         |    19 |    27 |    25 ||    71
       Tentacles         |    12 |    21 |    21 ||    54
  Use: Potion            |       |     1 |     4 ||     5
 Stab: Sleeping          |     5 |     2 |     5 ||    12
Armor: Skin              |     5 |     5 |     3 ||    13
Dodge: Dodged            |    34 |    62 |    61 ||   157
